 Dungeon Crawl Stone Soup version 0.20.1-1-g8b1a95d (webtiles) character file.

203 schauveau the Chopper (level 5, 0/47 HPs)
             Began as a Hill Orc Monk on Dec 10, 2017.
             Was a Believer of Beogh.
             Killed by nerve-wracking pain
             ... invoked by Grinder
              (6 damage)
             ... while paralysed by Grinder
             ... on level 4 of the Dungeon.
             The game lasted 00:06:43 (2984 turns).

schauveau the Chopper (Hill Orc Monk)               Turns: 2984, Time: 00:06:44

Health: 0/47       AC:  9    Str: 15    XL:     5   Next: 81%
Magic:  5/5        EV:  2    Int: 10    God:    Beogh [**....]
Gold:   84         SH:  0    Dex: 13    Spells: 4/4 levels left

rFire    + . .     SeeInvis .   a - +0 hand axe
rCold    . . .     Gourm    .   (no shield)
rNeg     . . .     Faith    .   h - +1 scale mail {rF+}
rPois    .         Spirit   .   r - +2 hat
rElec    .         Reflect  .   (no cloak)
rCorr    .         Harm     .   (no gloves)
MR       .....                  (no boots)
Stlth    ..........             (no amulet)
Regen    0.2/turn               (no ring)
MPRegen  0.1/turn               (no ring)

@: paralysed, flying
A: no striking features
a: Smiting, Renounce Religion


You were on level 4 of the Dungeon.
You worshipped Beogh.
Beogh was pleased with you.
You were not hungry.

You visited 1 branch of the dungeon, and saw 5 of its levels.

You collected 84 gold pieces.

Inventory:

Hand Weapons
 a - a +0 hand axe (weapon)
 p - a +0 morningstar
Missiles
 n - 7 poisoned needles
Armour
 h - a +1 scale mail of fire resistance (worn)
 r - a +2 hat (worn)
Wands
 d - a wand of flame (1/48)
 m - a wand of iceblast (2/15)
Scrolls
 e - a scroll of fear
 g - a scroll of amnesia
 k - 3 scrolls of remove curse
 t - a scroll of teleportation
Potions
 f - 3 potions of flight
 i - a potion of magic {unknown}
 q - a potion of invisibility {unknown}
 u - a potion of mutation {unknown}
Comestibles
 b - a chunk of flesh
 c - 4 bread rations
 j - a fruit
 l - 2 royal jellies
 o - 4 meat rations


   Skills:
 + Level 4.8 Fighting
 * Level 6.8 Axes
 + Level 2.1 Armour
 - Level 2.4 Dodging
 - Level 1.5 Stealth


You had 4 spell levels left.
You didn't know any spells.

Dungeon Overview and Level Annotations

Branches:
Dungeon (5/15)
 Temple: D:4-7

Altars:
Sif Muna
Xom

Annotations:
D:3 schauveau's ghost, amateur HOMo
D:4 Grinder; Purgy
D:5 Kingsmith's ghost, amateur OpVM


Message History

* * * LOW HITPOINT WARNING * * *
It was a potion of flight.
You feel very buoyant.
You fly up into the air.
Grinder gestures at you. You resist with significant effort.
A worm comes into view.
You hit Grinder.
Grinder is moderately wounded.
Grinder gestures at you.
You suddenly lose the ability to move!
Grinder hits you.
* * * LOW HITPOINT WARNING * * *
You writhe in agony.
* * * LOW HITPOINT WARNING * * *
Grinder hits you but does no damage.
Grinder says, "Tell me all your secrets, or I'll kill you."
Grinder gestures at you. Pain shoots through your body!
You die...

##### #...# #...# %.
#...## ###.).
#....##..#... ##........).
##########....>....##..
###...ยง....)....##...w.#.
....###########5@<.# ...
#.### ##..###.... ..#
#......# ### #...####
#..## #...# .....# .......
...##.#.#


You could see Grinder and a worm.

Vanquished Creatures
  Ijyb (D:4)
  Terence (D:3)
  A worker ant (D:4)
  3 adders (D:2)
  A gnoll (D:1)
  2 oozes (D:1)
  3 worms
  A dart slug (D:1)
  2 leopard geckos (D:2)
  5 orcs (D:4)
  5 bats
  4 giant cockroaches
  9 goblins
  5 hobgoblins (D:1)
  4 jackals
  3 quokkas (D:2)
  A ball python (D:2)
  2 frilled lizards
  A jackal zombie (D:5)
  8 kobolds
  7 rats
69 creatures vanquished.

Vanquished Creatures (others)
  An orc priest (D:4)
  A hound (D:4)
  A centaur skeleton (D:4)
  3 orcs (D:4)
6 creatures vanquished.

Grand Total: 75 creatures vanquished

Notes
Turn   | Place    | Note
-------+----------+-------------------------------------------
     0 | D:1      | schauveau the Hill Orc Monk began the quest for the Orb.
     0 | D:1      | Reached XP level 1. HP: 19/19 MP: 1/1
   232 | D:1      | Reached XP level 2. HP: 27/27 MP: 2/2
   517 | D:1      | Reached skill level 5 in Axes
   517 | D:1      | Reached XP level 3. HP: 32/33 MP: 3/3
   886 | D:2      | Found a deep blue altar of Sif Muna.
  1031 | D:2      | Found a faded altar of an unknown god.
  1060 | D:2      | Reached XP level 4. HP: 40/40 MP: 4/4
  1236 | D:2      | Reached skill level 6 in Axes
  1236 | D:2      | Reached skill level 1 in Armour
  1846 | D:3      | Noticed Terence
  1848 | D:4      | Noticed Purgy
  1855 | D:3      | Killed Terence
  1855 | D:3      | Reached XP level 5. HP: 47/47 MP: 5/5
  2049 | D:3      | Noticed Ijyb
  2055 | D:3      | Noticed schauveau's ghost (amateur HOMo)
  2325 | D:4      | Killed Ijyb
  2484 | D:4      | Found a shimmering altar of Xom.
  2522 | D:5      | Entered Level 5 of the Dungeon
  2558 | D:5      | Noticed Kingsmith's ghost (amateur OpVM)
  2861 | D:4      | Became a worshipper of Beogh the Brigand
  2861 | D:4      | Reached * piety under Beogh
  2861 | D:4      | Reached ** piety under Beogh
  2956 | D:4      | Noticed Grinder
  2981 | D:4      | Paralysed by Grinder for 4 turns
  2984 | D:4      | Killed from afar by Grinder

Skill      XL: |  1  2  3  4  5 |
---------------+----------------+-----
Fighting       | 4 |  4.8
Axes           | 5 6 |  6.8
Armour         | 1 2 |  2.1
Dodging        | |  2.4
Stealth        | |  1.5

Action                   |  1- 3 |  4- 6 || total
-------------------------+-------+-------++-------
Melee: Hand axe          |    84 |   227 ||   311
Invok: Convert to Beogh  |       |     1 ||     1
Evoke: Wand              |       |     2 ||     2
  Use: Scroll            |       |     7 ||     7
       Potion            |       |     4 ||     4
 Stab: Sleeping          |     1 |       ||     1
  Eat: Chunk             |     1 |     4 ||     5
       Fruit             |       |     2 ||     2
Armor: Ring mail         |    19 |    91 ||   110
       Scale mail        |       |    25 ||    25
Dodge: Dodged            |    51 |   123 ||   174
